 Dungeon Crawl Stone Soup version 0.32-a0-20-ge526923d97 (webtiles) character file.

Game seed: 12527178941753421364

233 fozzywoppz the Sneak (level 6, -1/52 HPs)
             Began as a Kobold Brigand on Jan 17, 2024.
             Slain by a water moccasin (7 damage)
             ... on level 4 of the Dungeon.
             The game lasted 00:06:24 (2514 turns).

fozzywoppz the Sneak (Kobold Brigand)               Turns: 2514, Time: 00:06:25

Health: -1/52      AC: 23    Str:  8    XL:     6   Next: 25%
Magic:  6/6        EV:  3    Int: 13    God:
Gold:   182        SH:  0    Dex: 18    Spells: 5/5 levels left

rFire   . . .        t - +3 dagger (holy)
rCold   . . .        (no shield)
rNeg    . . .        g - melded +0 ring mail
rPois   +            (helmet currently unavailable)
rElec   .            c - melded +0 cloak
rCorr   .            (gloves currently unavailable)
SInv    .            (boots currently unavailable)
Will    .....        (no amulet)
Stlth   +++++        (no ring)
HPRegen 0.28/turn    (no ring)
MPRegen 0.10/turn

%: no passive effects
@: lethally poisoned (-1 -> -6), tree-form
A: stationary, stasis, torment immunity, boosted hp, small, no large weapons,
nightstalker 3
a: no special abilities


You were on level 4 of the Dungeon.
You were a tree.
You visited 1 branch of the dungeon, and saw 4 of its levels.

You collected 182 gold pieces.

Inventory:

Hand Weapons
 a - a +2 dagger
 q - a +0 short sword
 t - a +3 dagger of holy wrath (weapon)
Missiles
 d - 9 poisoned darts (quivered)
 e - 3 curare-tipped darts
 l - 33 stones
Armour
 c - a +0 cloak (melded)
 g - a +0 ring mail (melded)
Jewellery
 r - a ring of resist corrosion
 s - a ring of protection from cold
Talismans
 k - a granite talisman
Wands
 o - a wand of paralysis (4)
Scrolls
 b - 7 scrolls of identify
 f - a scroll of enchant armour
 u - a scroll of noise {unknown}
Potions
 i - a potion of mutation {unknown}
 j - a potion of heal wounds {unknown}
 m - a potion of resistance {unknown}
 n - a potion of enlightenment {unknown}
 p - a potion of lignification
 v - a potion of curing {unknown}


   Skills:
 - Level 2.1 Fighting
 + Level 5.1 Short Blades
 - Level 2.1 Throwing
 + Level 4.0 Dodging
 + Level 7.1 Stealth


You had 5 spell levels left.
You didn't know any spells.
Your spell library contained the following spells:

 Spells                   Type           Power      Damage    Failure   Level
 Magic Dart               Conj           0%         1d3       30%         1
 Blink                    Tloc           0%         N/A       43%         2
 Call Imp                 Summ           0%         N/A       43%         2
 Ensorcelled Hibernation  Hex/Ice        0%         N/A       43%         2
 Passwall                 Erth           0%         N/A       67%         3
 Swiftness                Air            0%         N/A       67%         3


Dungeon Overview and Level Annotations

Branches:
Dungeon (4/15)
 Temple: D:4-7

Altars:


Innate Abilities, Weirdness & Mutations

You are a tree.
Your roots penetrate the ground, keeping you stationary.
You cannot be teleported.
You are immune to unholy pain and torment.
Your maximum health is greatly increased.
Your equipment is partially melded.
You are small and have problems with some larger weapons.
You are completely attuned to the shadows.


Message History

The water moccasin attacks as it pursues you!
The water moccasin closely misses you. The water moccasin closely misses you.
As you read the scroll labelled VULAUN FASTRE, it crumbles to dust.
It is a scroll of identify.
f - a scroll of enchant armour The water moccasin bites you.
The water moccasin bites you but does no damage.
The water moccasin bites you.
The water moccasin bites you but does no damage.
The water moccasin attacks as it pursues you!
The water moccasin closely misses you.
The water moccasin attacks as it pursues you!
The water moccasin bites you. The water moccasin closely misses you.
As you read the scroll labelled HOIPIE BEOCYSS, it crumbles to dust.
You feel strangely unstable.
It was a scroll of teleportation.
The water moccasin bites you.
You are poisoned.
The water moccasin poisons you!
You feel very sick. The water moccasin bites you!
* * * LOW HITPOINT WARNING * * *
* * * LOW HITPOINT WARNING * * *
You feel very sick.
It was a potion of lignification.
You turn into a tree.
Your +0 cloak melds into your body.
Your +0 ring mail melds into your body.
Your roots penetrate the ground.
You feel strangely stable.
* * * LOW HITPOINT WARNING * * *
You feel sick.
The water moccasin bites you but does no damage. x2
You puncture the water moccasin!
The water moccasin is moderately wounded.
* * * LOW HITPOINT WARNING * * *
You feel sick. The water moccasin barely misses you.
Unknown command.
You hit the water moccasin.
The water moccasin is moderately wounded.
* * * LOW HITPOINT WARNING * * *
You feel sick. The water moccasin bites you!
You die...

........#.####
........#.#
...###..#.#
.#....#...###
# ##.##....>
#<...####
.....###
####...###
###.♣.#
###S###


#oJo# ###.# #.# #.# #o##### .##.o.Jo#### .....##....# You could see a water
moccasin, 2 orcs and an endoplasm.

Vanquished Creatures
  A bombardier beetle (D:4)
  Jessica (D:3)
  Terence (D:3)
  5 gnolls
  3 adders
  2 dart slugs
  2 orcs (D:3)
  5 bats
  4 endoplasms
  A giant cockroach (D:1)
  10 goblins
  5 hobgoblins
  5 jackals (D:2)
  6 kobolds
  2 quokkas
  4 ball pythons
  6 frilled lizards
  8 rats
71 creatures vanquished.

Notes
Turn   | Place    | Note
-------+----------+-------------------------------------------
     0 | D:1      | fozzywoppz the Kobold Brigand began the quest for the Orb.
     0 | D:1      | Reached XP level 1. HP: 12/12 MP: 1/1
   120 | D:1      | Reached XP level 2. HP: 17/17 MP: 2/2
   313 | D:1      | Reached XP level 3. HP: 21/21 MP: 3/3
   976 | D:2      | Reached skill level 6 in Stealth
   976 | D:2      | Reached XP level 4. HP: 10/26 MP: 4/4
  1792 | D:3      | Found a faded altar of an unknown god.
  1910 | D:3      | Noticed Jessica
  1914 | D:3      | Killed Jessica
  1915 | D:3      | Reached XP level 5. HP: 30/30 MP: 5/5
  1935 | D:3      | Noticed Terence
  1940 | D:3      | Killed Terence
  2336 | D:3      | Reached XP level 6. HP: 20/35 MP: 6/6
  2438 | D:4      | Reached skill level 5 in Short Blades
  2438 | D:4      | Reached skill level 7 in Stealth
  2492 | D:4      | Noticed a water moccasin
  2514 | D:4      | Slain by a water moccasin

Illustrated notes

Levels and vault maps discovered:
D:1:      psy_arrival_basics, layout_basic, nrook_mini_backslash
D:2:      layout_rooms
D:3:      layout_basic, basic_ecumenical_altar, uniq_terence, uniq_jessica
D:4:      layout_rooms, serial_shops, nicolae_shop_dealshenge,
          hangedman_decor_points, minmay_manual_mess

Skill      XL: |  1  2  3  4  5  6 |
---------------+-------------------+-----
Short Blades   | 3 4 5 |  5.1
Dodging        | 2 3 4 |  4.0
Stealth        | 6 7 |  7.1
Fighting       | |  2.1
Throwing       | |  2.1

Action                     |  1- 3 |  4- 6 || total
---------------------------+-------+-------++-------
  Melee: Dagger            |    77 |   145 ||   222
         Punch             |     2 |       ||     2
    Use: Scroll            |       |     2 ||     2
         Potion            |       |     1 ||     1
   Stab: Sleeping          |    13 |    18 ||    31
         Distracted        |       |     2 ||     2
 Armour: Ring mail         |    25 |    65 ||    90
         Robe              |     2 |       ||     2
         Skin              |       |     3 ||     3
  Dodge: Dodged            |    34 |    85 ||   119

Table legend: (Time is in decaauts)
 A = Elapsed time spent in this place.
 B = Non-inter-level travel time spent in this place.
 C = Inter-level travel time spent in this place.
 D = Time resting spent in this place.
 E = Time spent auto-exploring this place.
 F = Levels seen in this place.
 G = Mean time per level.
                   A        B        C        D        E       F      G
               +--------+--------+--------+--------+--------+-----+--------+
         Total |   2469 |   2395 |     74 |      0 |   1526 |   4 |  617.2 |
       Dungeon |   2469 |   2395 |     74 |      0 |   1526 |   4 |  617.2 |
               +--------+--------+--------+--------+--------+-----+--------+

Top non-repeatable levels by time:
     D:1: 937 daAuts
     D:2: 738 daAuts
     D:3: 713 daAuts
     D:4: 79 daAuts
